 Dungeon Crawl Stone Soup version 0.27.1 (webtiles) character file.

Game seed: 5948786657792774011

43244 Ijustatesigmund the Gargoyle Aeon (level 14, -3/91 HPs)
             Began as a Gargoyle Fighter on Aug 25, 2021.
             Was the Champion of Cheibriados.
             Killed by divine providence
             ... invoked by a meliai
              (17 damage)
             ... on level 14 of the Dungeon.
             The game lasted 00:34:42 (20816 turns).

Ijustatesigmund the Gargoyle Aeon (GrFi)           Turns: 20816, Time: 00:34:43

Health: -3/91      AC: 39    Str: 36    XL:     14   Next: 23%
Magic:  20/23      EV: 12    Int: 31    God:    Cheibriados [******]
Gold:   552        SH: 18    Dex: 26    Spells: 13/13 levels left

rFire    + + +     SeeInvis .   l - +1 flail (drain)
rCold    . . .     Faith    .   c - +0 kite shield
rNeg     + . .     Spirit   .   b - +4 ring mail of Forking Paths {-Cast rPois rF++}
rPois    ∞         Reflect  +   f - +2 helmet {Int+3}
rElec    +         Harm     .   i - +1 cloak
rCorr    .         Rampage  .   s - +1 pair of gloves
Will     ++...     NoCast   +   p - +4 pair of boots of Virtue {Int+2}
Stlth    +.........             C - amulet of reflection
HPRegen  0.25/turn              a - +4 ring of protection
MPRegen  0.18/turn              (no ring)

@: flying, very slow
A: sickness immunity, AC +10, big wings, negative energy resistance 1,
electricity resistance, torment resistance 1, petrification resistance, talons
1, fire resistance 1, strong-willed 1, MP-powered wands
a: Renounce Religion, Bend Time, Temporal Distortion, Slouch, Step From Time


You were on level 14 of the Dungeon.
You worshipped Cheibriados.
Cheibriados was exalted by your worship.
You visited 2 branches of the dungeon, and saw 15 of its levels.

You collected 747 gold pieces.
You spent 195 gold pieces at shops.

Inventory:

Hand Weapons
 l - a +1 flail of draining (weapon)
Missiles
 d - 15 atropa-tipped darts (quivered)
 H - 4 throwing nets
Armour
 b - the +4 ring mail of Forking Paths (worn) {-Cast rPois rF++}
   (You found it on level 4 of the Dungeon)

   rF:        It greatly protects you from fire.
   rPois:     It protects you from poison.
   -Cast:     It prevents spellcasting.
 c - a +0 kite shield (worn)
 f - a +2 helmet of intelligence (worn)
 i - a +1 cloak (worn)
 p - the +4 pair of boots of Virtue (worn) {Int+2}
   (You acquired it on level 5 of the Dungeon)

   Int:       It affects your intelligence (+2).
 s - a +1 pair of gloves (worn)
Jewellery
 a - a +4 ring of protection (left hand)
 r - an amulet of the acrobat
 C - an amulet of reflection (around neck)
Wands
 h - a wand of paralysis (26)
 m - a wand of flame (18)
 q - a wand of iceblast (19)
 x - a wand of polymorph (12)
 y - a wand of charming (2)
Scrolls
 k - 2 scrolls of enchant armour
 n - 3 scrolls of blinking
 o - 5 scrolls of enchant weapon
 w - 4 scrolls of teleportation
 I - a scroll of immolation
 J - 3 scrolls of amnesia
Potions
 e - 2 potions of flight
 g - 2 potions of magic
 j - a potion of heal wounds
 t - a potion of mutation
 u - 5 potions of brilliance
 v - 2 potions of cancellation
 z - a potion of resistance
 A - a potion of might
 B - 2 potions of lignification
 D - 3 potions of ambrosia
 E - a potion of attraction
 G - 2 potions of curing


   Skills:
 + Level 11.7 Fighting
 + Level 11.6 Maces & Flails
 - Level 10.8 Armour
 + Level 3.5 Dodging
 + Level 6.0 Shields
 + Level 13.3 Invocations
 - Level 8.0 Evocations


You had 13 spell levels left.
You didn't know any spells.
Your spell library contained the following spells:

 Spells                   Type           Power      Damage    Failure   Level
 Foxfire                  Conj/Fire      0%         2x1d4     36%         1
 Static Discharge         Conj/Air       0%         N/A       50%         2
 Wereblood                Tmut           0%         N/A       50%         2
 Conjure Flame            Conj/Fire      0%         6-21      73%         3
 Frozen Ramparts          Ice            0%         1d2       73%         3
 Inner Flame              Hex/Fire       0%         N/A       73%         3
 Dispel Undead            Necr           0%         3d6       98%         4
 Ice Form                 Ice/Tmut       0%         N/A       98%         4
 Sticky Flame             Conj/Fire      0%         2d3       98%         4
 Summon Ice Beast         Ice/Summ       0%         N/A       98%         4
 Summon Hydra             Summ           0%         N/A       100%        7
 Sublimation of Blood     Necr           Unusable   N/A       N/A         2

Dungeon Overview and Level Annotations

Branches:
Dungeon (14/15)            Temple (1/1) D:5            Lair (0/6) D:9
    Orc (0/2) D:12         Vaults (0/5) D:13

Altars:
Ashenzari
Cheibriados
Dithmenos
Elyvilon
Fedhas
Gozag
Hepliaklqana
Kikubaaqudgha
Makhleb
Nemelex Xobeh
Okawaru
Qazlal
Ru
Sif Muna
Trog
Uskayaw
Vehumet
Xom
Zin
The Shining One
Beogh

Shops:
D:4 **[   D:6 =   D:10 (   D:13 =

Portals:
Trove: D:12 (give +3 storm dragon scales)

Annotations:
D:12 3 runed translucent doors


Innate Abilities, Weirdness & Mutations

You are immune to sickness and miasma.
Your stone body is resilient. (AC +10)
You are immune to poison.
Your large and strong wings let you fly.
You resist negative energy. (rN+)
You are resistant to electric shocks. (rElec)
You are resistant to unholy torment.
You are immune to petrification.
You have sharp toenails.
Your flesh is heat resistant. (rF+)
You are strong-willed. (Will+)
You expend magic power (3 MP) to strengthen your wands.


Message History

You barely miss the queen bee.
The queen bee is lightly wounded.
The meliai calls upon its god to heal the queen bee.
The queen bee's wounds heal themselves!
The queen bee stings you but does no damage.
You hear an angry buzzing noise. x2
You sock the queen bee!
The queen bee is lightly wounded.
You hear an angry buzzing noise.
The meliai calls upon its god to heal the queen bee.
The queen bee is healed somewhat.
The queen bee stings you but does no damage.
You hit the queen bee. You drain the queen bee.
The queen bee is moderately wounded.
You block the queen bee's attack.
You hear an angry buzzing noise.
You barely miss the queen bee.
The queen bee is moderately wounded.
You hear an angry buzzing noise.
The meliai calls upon its god to heal the killer bee.
The killer bee is healed somewhat.
The meliai calls down the wrath of its god upon you.
Something smites you!
The meliai invokes the aid of its god against you.
Something smites you!
* * * LOW HITPOINT WARNING * * *
You hear an angry buzzing noise.
The queen bee stings you but does no damage.
The meliai calls upon its god to heal the queen bee.
The queen bee is healed somewhat.
Aiming: Paralyse
Press: ? - help, Shift-Dir - straight line, f - queen bee
Aim: a queen bee (lightly wounded, lightly drained, chance to affect: 77%)
You feel a surge of power!
The queen bee suddenly stops moving!
The meliai invokes the aid of its god against you.
Something smites you!
* * * LOW HITPOINT WARNING * * *
The meliai invokes the aid of its god against you.
Something smites you!
You die...

...####
#............## ...#
#............# ...#
##.## ##..........##
..## #...##
#.........## ..#
##....# #........##
..## #(....##
##......## ...#
#......## ########
.#.###.......#######
###..........#..@yy#
######
###.............##y#
#....###
#..###.........# yy
##...... #.##
##........#


yy. #..#### ##÷# ###.....## ### #..# ## #÷÷# ##....# #..# #. #.## #....# #..# #.
..# #....# #..# #. ..## ##...# #..###. You could see a queen bee (paralysed,
drained), 3 meliai and 3 killer bees.

Vanquished Creatures
  Rupert (D:12)
  Gastronok (D:9)
  A very ugly thing (D:14)
  Harold (D:10)
  A vault guard (D:13)
  2 hydras (D:12)
  3 boulder beetles
  3 centaur warriors
  Erolcha (D:12)
  Erica (D:8)
  3 two-headed ogres
  2 tengu warriors
  4 skeletal warriors (D:12)
  A wolf spider zombie (D:12)
  2 orc knights
  A deep elf pyromancer (D:11)
  A lindwurm (D:13)
  6 ugly things (D:14)
  A guardian serpent (shapeshifter) (D:13)
  Maurice (D:8)
  4 cyclopes
  3 gargoyles
  An efreet (D:13)
  5 yaktaurs (D:13)
  A komodo dragon (D:11)
  A tengu conjurer (D:11)
  2 trolls
  Grinder (D:3)
  2 hornets
  7 slime creatures (D:13)
  2 centaur simulacra
  A vampire (D:12)
  2 wyverns (D:9)
  3 wraiths
  23 yaks
  3 shadows
  2 basilisks
  Eustachio (D:5)
  2 steam dragons
  17 vampire mosquitoes
  2 wargs (D:9)
  An acid dragon (D:13)
  A water moccasin (D:7)
  Duvessa (D:4)
  7 orc warriors
  An ice beast (shapeshifter) (D:13)
  A sky beast (D:8)
  3 black bears
  A hornet zombie (D:6)
  5 necrophages (D:12)
  3 ogres
  4 centaurs
  5 kobold brigands
  2 bullfrogs
  2 scorpions
  2 water moccasin skeletons (D:5)
  Dowan (D:4)
  12 killer bees (D:14)
  12 wights
  2 howler monkeys
  3 centaur zombies
  A bullfrog skeleton (D:5)
  3 jellies
  3 hounds
  6 orc priests
  2 iguanas
  12 orc wizards
  A killer bee zombie (D:6)
  2 howler monkey zombies
  15 gnolls
  A howler monkey skeleton (D:5)
  4 adders
  A white imp (D:7)
  48 orcs
  A bat zombie (D:3)
  3 endoplasms
  A giant cockroach (D:1)
  4 goblins
  4 hobgoblins
  2 jackals (D:3)
  24 kobolds
  2 quokkas (D:4)
  3 training dummies (D:10)
  8 ball pythons
  5 bats
  3 frilled lizards (D:1)
  A quokka skeleton (D:4)
  7 rats
  A rat zombie (D:3)
359 creatures vanquished.

Vanquished Creatures (others)
  A withered plant (D:12)
1 creature vanquished.

Grand Total: 360 creatures vanquished

Notes
Turn   | Place    | Note
-------+----------+-------------------------------------------
     0 | D:1      | Ijustatesigmund the Gargoyle Fighter began the quest for
                  | the Orb.
     0 | D:1      | Reached XP level 1. HP: 14/14 MP: 1/1
   135 | D:1      | Found a faded altar of an unknown god.
   244 | D:1      | Reached XP level 2. HP: 8/19 MP: 2/2
  1461 | D:2      | Identified a scroll of acquirement
  1461 | D:2      | Acquired a +2 helmet of intelligence
  1893 | D:3      | Reached XP level 3. HP: 9/24 MP: 3/3
  1904 | D:3      | Reached XP level 4. HP: 12/29 MP: 4/4
  2393 | D:3      | Noticed Grinder
  2398 | D:3      | Paralysed by Grinder for 5 turns
  2413 | D:3      | Paralysed by Grinder for 5 turns
  2425 | D:3      | Paralysed by Grinder for 5 turns
  2447 | D:3      | Paralysed by Grinder for 3 turns
  2455 | D:3      | Killed Grinder
  2456 | D:3      | Reached XP level 5. HP: 28/34 MP: 5/5
  2456 | D:3      | Reached XP level 6. HP: 33/39 MP: 6/6
  2614 | D:3      | Found an ancient bone altar of Kikubaaqudgha.
  3494 | D:4      | Reached XP level 7. HP: 29/44 MP: 7/7
  3686 | D:4      | Reached skill level 5 in Maces & Flails
  3800 | D:4      | Found Vin Yzos's Antique Armour Boutique.
  3812 | D:4      | Reached skill level 5 in Shields
  4165 | D:4      | Found a broken altar of Ashenzari.
  4201 | D:4      | Reached skill level 5 in Fighting
  4262 | D:4      | Found Kytrohoe's Assorted Antiques.
  4318 | D:4      | Reached skill level 5 in Armour
  4429 | D:4      | Identified the +4 ring mail of Forking Paths {-Cast rPois
                  | rF++}
  4634 | D:4      | Found Nuytsece's Assorted Antiques.
  4673 | D:4      | Noticed Dowan
  4702 | D:4      | Killed Dowan
  4959 | D:4      | Found a shimmering blue altar of Sif Muna.
  4962 | D:4      | Noticed Duvessa
  4966 | D:4      | Got Sif Muna's Guide on Transmigration
  5014 | D:4      | Killed Duvessa
  5015 | D:4      | Reached skill level 1 in Dodging
  5015 | D:4      | Reached XP level 8. HP: 26/50 MP: 8/8
  5193 | D:4      | Found a bloodstained altar of Trog.
  5240 | D:5      | Entered Level 5 of the Dungeon
  5420 | D:5      | Found a shimmering altar of Xom.
  5600 | D:5      | Acquired the +4 pair of boots of Virtue {Int+2}
  5841 | D:5      | Noticed Eustachio
  5925 | D:5      | Killed Eustachio
  6038 | D:5      | Found a staircase to the Ecumenical Temple.
  6235 | Temple   | Entered the Ecumenical Temple
  6239 | Temple   | Became a worshipper of Cheibriados the Contemplative
  6257 | D:6      | Noticed a +0 hand axe
  6257 | D:6      | Noticed a +0 dagger
  6257 | D:6      | Found a hide-covered altar of Uskayaw.
  6279 | D:6      | Reached skill level 1 in Invocations
  6279 | D:6      | Reached skill level 1 in Evocations
  6279 | D:6      | Reached XP level 9. HP: 47/56 MP: 8/10
  6282 | D:6      | Reached skill level 2 in Invocations
  6400 | D:6      | Reached skill level 3 in Invocations
  6589 | D:6      | Found an opulent altar of Gozag.
  6589 | D:6      | Found a stormy altar of Qazlal.
  6593 | D:6      | Found a radiant altar of Vehumet.
  6598 | D:6      | Found Otapn's Jewellery Shoppe.
  6777 | D:6      | Noticed a two-headed ogre
  6785 | D:6      | Killed a two-headed ogre
  6786 | D:6      | Reached skill level 5 in Invocations
  7534 | D:7      | Reached skill level 6 in Invocations
  7534 | D:7      | Reached skill level 5 in Evocations
  7574 | D:7      | Gained mutation: You have sharp toenails. [potion of
                  | mutation]
  7574 | D:7      | Gained mutation: Your spells are a little harder to cast,
                  | but a little more powerful. [potion of mutation]
  7574 | D:7      | Gained mutation: You have a pair of small horns on your
                  | head. [potion of mutation]
  7575 | D:7      | Lost mutation: You have a pair of small horns on your head.
                  | [potion of mutation]
  7575 | D:7      | Lost mutation: Your spells are a little harder to cast, but
                  | a little more powerful. [potion of mutation]
  7575 | D:7      | Gained mutation: Your flesh is heat resistant. (rF+)
                  | [potion of mutation]
  7575 | D:7      | Gained mutation: You are strong-willed. (Will+) [potion of
                  | mutation]
  7575 | D:7      | Gained mutation: You expend magic power (3 MP) to
                  | strengthen your wands. [potion of mutation]
  7636 | D:7      | Reached * piety under Cheibriados
  7651 | D:7      | Reached XP level 10. HP: 51/61 MP: 14/14
  7834 | D:7      | Reached skill level 7 in Invocations
  8215 | D:8      | Noticed Maurice
  8216 | D:8      | Noticed Erica
  8253 | D:8      | Killed Erica
  8660 | D:8      | Reached skill level 8 in Invocations
  9323 | D:8      | Reached ** piety under Cheibriados
  9585 | D:8      | Reached skill level 9 in Invocations
  9670 | D:8      | Killed Maurice
  9802 | D:4      | Bought a runed flail for 195 gold pieces
 10085 | D:9      | Identified the +2 pair of boots of the Cockroach {*Corrode
                  | Dex+6}
 10290 | D:9      | Reached XP level 11. HP: 16/66 MP: 18/18
 10688 | D:9      | Noticed Gastronok
 11020 | D:9      | Killed Gastronok
 11226 | D:9      | Reached skill level 10 in Invocations
 11384 | D:9      | Found a staircase to the Lair.
 11464 | D:9      | Reached *** piety under Cheibriados
 11991 | D:10     | Entered Level 10 of the Dungeon
 11994 | D:10     | Noticed an orc knight
 12040 | D:9      | Killed an orc knight
 12398 | D:10     | Noticed Harold
 12424 | D:10     | Killed Harold
 12733 | D:10     | Reached **** piety under Cheibriados
 12778 | D:10     | Noticed a two-headed ogre
 12792 | D:10     | Killed a two-headed ogre
 12793 | D:10     | Reached XP level 12. HP: 68/75 MP: 20/20
 13008 | D:10     | Found a sacrificial altar of Ru.
 13160 | D:10     | Found Qocwiro's Firing Range.
 13529 | D:11     | Reached skill level 11 in Invocations
 13647 | D:11     | Noticed a two-headed ogre
 13661 | D:11     | Killed a two-headed ogre
 13676 | D:11     | Found a flagged portal.
 14003 | D:11     | Noticed a boulder beetle
 14030 | D:11     | Noticed a tengu warrior
 14065 | D:11     | Noticed a centaur warrior
 14442 | D:11     | Killed a boulder beetle
 15073 | D:11     | Killed a tengu warrior
 15149 | D:11     | Killed a centaur warrior
 15205 | D:12     | Reached skill level 10 in Maces & Flails
 15979 | D:12     | Reached skill level 10 in Fighting
 16296 | D:12     | Reached XP level 13. HP: 82/82 MP: 21/21
 16305 | D:12     | Reached skill level 12 in Invocations
 16649 | D:12     | Found a portal to a secret trove of treasure.
 16687 | D:12     | Reached ***** piety under Cheibriados
 16738 | D:12     | Noticed Rupert
 16762 | D:12     | Killed Rupert
 16836 | D:12     | Noticed Erolcha
 16862 | D:12     | Killed Erolcha
 17038 | D:12     | Reached skill level 10 in Armour
 17194 | D:12     | Found a runed translucent door.
 17209 | D:12     | Found a runed translucent door.
 17220 | D:12     | Found a runed translucent door.
 17623 | D:12     | Found a staircase to the Orcish Mines.
 17927 | D:12     | Noticed a merfolk impaler
 18031 | D:13     | Found Goecoh's Jewellery Boutique.
 19174 | D:13     | Noticed a vault guard
 19204 | D:13     | Killed a vault guard
 19207 | D:13     | Reached skill level 13 in Invocations
 19388 | D:13     | Found a gate to the Vaults.
 19663 | D:14     | Gained mutation: Your large and strong wings let you fly.
                  | [Gargoyle growth]
 19663 | D:14     | Reached XP level 14. HP: 85/90 MP: 23/23
 19694 | D:14     | Found a glowing silver altar of Zin.
 19774 | D:14     | Identified the +1 leather armour of the Thinker {Stlth+}
 19856 | D:14     | Noticed a green very ugly thing
 19877 | D:14     | Killed a brown very ugly thing
 20788 | D:14     | Reached ****** piety under Cheibriados
 20816 | D:14     | Killed from afar by a meliai

Illustrated notes

Levels and vault maps discovered:
D:1:      sevenhm_arrival_forest_fort_small_1, layout_rooms,
          chequers_ecumenical_altar_island, minivault_25
D:2:      layout_basic, serial_co_window_serial, co_window_of_opportunity_a,
          co_window_of_opportunity_a, co_window_paths_a, co_window_paths_a,
          co_window_paths_b, co_window_paths_b, co_window_cross_1,
          co_window_corner_a, co_window_corner_a, co_window_unsneaky_path_b,
          co_window_cross_3, co_window_corner_b, co_window_2corner,
          co_window_sun, glass_columns_a
D:3:      layout_basic, lemuel_zombie_altar_kikubaaqudgha,
          minmay_misc_feat_square, uniq_grinder
D:4:      layout_gridville, nzn_overflow_gifts_of_might_and_magic,
          ashenzari_conservatory_becter, serial_shops, shop, shop, shop,
          kennysheep_generic_room_7
D:5:      layout_cave_pools, nicolae_overflow_crystal_walls,
          minmay_temple_entry_enclosed_plants,
          lightli_ossuary_entry_decrepit_ruins, hangedman_minor_gate_pass,
          uniq_eustachio
D:6:      layout_cave_pools, dancing_weapons_uskayaw,
          nicolae_overflow_hidden_temple, serial_shops, shop
D:7:      layout_basic, serial_bayou_pond_e
D:8:      layout_cave_pools, uniq_erica, uniq_maurice
D:9:      layout_gridville, erik_lair_orcish_takeover,
          chequers_decorated_corner, uniq_gastronok
D:10:     layout_rooms, lemuel_doored_altar, nicolae_shop_firing_range,
          uniq_harold
D:11:     layout_irregular_city, enter_bailey_7,
          minmay_fractal_squares_gapless_7
D:12:     layout_stronghold, minmay_orc_entry_temple_small, serial_undead,
          serial_undead_e, serial_undead_b, serial_undead_c, serial_undead_b,
          enter_trove_0, mikee_hates_you, uniq_erolcha, uniq_rupert
D:13:     layout_big_octagon, david_vaults_4, serial_shops, shop,
          gauntlet_entry_generic
D:14:     layout_cave_pods, special_room [special_room_bee], minmay_misc_feat_x,
          zin_academy
Temple:   nicolae_temple_x_marks_the_god

Skill      XL: |  1  2  3  4  5  6  7  8  9 10 11 12 13 14 |
---------------+-------------------------------------------+-----
Maces & Flails | 3 4 6 7 8 10 11 | 11.6
Fighting       | 4 5 6 8 10 11 | 11.7
Armour         | 4 5 7 9 10 | 10.8
Shields        | 4 5 6 |  6.0
Dodging        | 1 2 3 |  3.5
Invocations    | 1 6 9 10 11 13 | 13.3
Evocations     | 1 5 8 |  8.0

Action                   |  1- 3 |  4- 6 |  7- 9 | 10-12 | 13-15 || total
-------------------------+-------+-------+-------+-------+-------++-------
Melee: Flail             |   115 |   107 |   372 |   976 |   520 ||  2090
Throw: Dart              |       |       |       |       |     3 ||     3
Invok: Bend Time         |       |       |       |     5 |     2 ||     7
Evoke: Wand              |       |       |       |    13 |     7 ||    20
  Use: Scroll            |     6 |     2 |     8 |     8 |     5 ||    29
       Potion            |     3 |     2 |     4 |     4 |       ||    13
 Stab: Invisible         |     3 |       |       |       |       ||     3
       Paralysed         |       |       |       |     7 |    33 ||    40
Armor: Scale mail        |    41 |       |       |       |       ||    41
       Chain mail        |    43 |   115 |    63 |       |       ||   221
       Ring mail         |       |       |   265 |   819 |   234 ||  1318
Dodge: Dodged            |    29 |    40 |   258 |   503 |   173 ||  1003
Block: Kite shield       |    73 |    74 |   284 |   899 |   464 ||  1794
       Reflection        |       |       |       |    10 |    18 ||    28
